 Dungeon Crawl Stone Soup version 0.14-a0-3563-g07d0f32 (console) character file.

275 TedronaiSDC the Gusty (level 4, 0/30 HPs)
             Began as a Vampire Air Elementalist on Mar 29, 2014.
             Killed by nerve-wracking pain
             ... invoked by an orc priest
              (7 damage)
             ... on Level 3 of the Dungeon.
             The game lasted 00:25:35 (2448 turns).

TedronaiSDC the Gusty (Vampire Air Elementalist)    Turns: 2448, Time: 00:25:35

HP   0/30        AC  4     Str  8      XL: 4   Next: 48%
MP   3/7         EV 13     Int 17      God:
Gold 174         SH  0     Dex 14      Spells:  3 memorised,  2 levels left

rFire  . . .     SeeInvis +     b - +0 sling
rCold  . . .     Clarity  .     f - +0 robe
rNeg   + . .     Conserve .     (no shield)
rPois  .         rCorr    .     (no helmet)
rElec  .         rRot     .     k - +1 cloak
SustAb . .       Spirit   .     (no gloves)
rMut   .         Warding  .     (no boots)
Saprov . . .     Stasis   .     (no amulet)
MR     .....                    (no ring)
                                (no ring)

@: repel missiles, very slightly contaminated, not resistant to hostile
enchantments, stealthy
A: fangs 3, see invisible, unbreathing
a: Bat Form


You were on level 3 of the Dungeon.
You were not thirsty.

You visited 1 branch of the dungeon, and saw 3 of its levels.

You collected 174 gold pieces.

Inventory:

Hand weapons
 a - a +3,+2 dagger of venom
 b - a +0,+0 sling (weapon)
Missiles
 d - 2 sling bullets (quivered)
 h - 22 stones
 i - 16 darts
Armour
 f - a +0 robe (worn)
 k - a +1 cloak (worn)
Magical devices
 j - a wand of magic darts (9)
Scrolls
 e - 2 scrolls of teleportation
 g - a scroll of magic mapping
 q - a scroll of remove curse
Potions
 o - a potion of coagulated blood
Books
 l - a book of Air

   Spells                             Type                      Level
   *Shock                             Conjuration/Air              1
   *Swiftness                         Charms/Air                   2
   *Repel Missiles                    Charms/Air                   2
   Flight                             Charms/Air                   3
   Static Discharge                   Conjuration/Air              3
   Lightning Bolt                     Conjuration/Air              5
 p - a book of Party Tricks

   Spells                             Type                      Level
   Summon Butterflies                 Summoning                    1
   Apportation                        Translocation                1
   Blink                              Translocation                2
   Alistair's Intoxication            Transmutation/Poison         4
   Tukima's Dance                     Hexes                        5
Magical staves
 c - an uncursed staff of wizardry


   Skills:
 + Level 2.7 Dodging
 - Level 3.0 Stealth
 - Level 2.0 Spellcasting
 * Level 2.2 Conjurations
 * Level 4.0 Air Magic


You had 2 spell levels left.
You knew the following spells:

 Your Spells              Type           Power        Failure   Level  Hunger
a - Shock                 Conj/Air       ##..         6%          1    #......
m - Repel Missiles        Chrm/Air       #.....       14%         2    ###....
s - Swiftness             Chrm/Air       #.......     14%         2    ###....


Dungeon Overview and Level Annotations

Branches:
Dungeon (3/15)

Altars:
Cheibriados
Makhleb
Sif Muna


Innate Abilities, Weirdness & Mutations

You have razor-sharp teeth.*
You have supernaturally acute eyesight.
You can survive without breathing.*


Message History

You shoot a sling bullet. The sling bullet hits the orc priest.
The orc priest is almost dead.
Firing (i - inventory. (,) - cycle):
d - 5 sling bullets (quivered)
Press: ? - help, Shift-Dir - straight line, f/p - orc priest
Aim: an orc priest, wielding a war axe and wearing a ring mail (almost dead)
You shoot a sling bullet. The sling bullet hits the orc priest.
The orc priest is almost dead.
Firing (i - inventory. (,) - cycle):
d - 4 sling bullets (quivered)
Press: ? - help, Shift-Dir - straight line, f/p - orc priest
Aim: an orc priest, wielding a war axe and wearing a ring mail (almost dead)
You shoot a sling bullet. The sling bullet hits the orc priest.
The orc priest is almost dead.
Firing (i - inventory. (,) - cycle):
d - 3 sling bullets (quivered)
Press: ? - help, Shift-Dir - straight line, f/p - orc priest
Aim: an orc priest, wielding a war axe and wearing a ring mail (almost dead)
You shoot a sling bullet. The sling bullet hits the orc priest.
The orc priest is almost dead.
The orc priest calls down the wrath of Beogh upon you.
Pain shoots through your body!
You die...

◼▒▒ ▒▒▒▒▒▒▒▒ ···[
▒▒▒▒······▒ ·····
▒▒··(······▒
oo·····▒▒▒▒▒o·▒▒(·····▒
····(··'··((o▒▒▒(·····▒
·······▒▒▒▒▒▒▒ ▒(·····▒
·>··· ▒o·····▒ ····
▒······▒ ··· ▒@·····▒ ·
▒······▒ ▒····>·▒
▒▒····▒▒ ▒▒▒▒▒▒▒·▒▒▒▒
▒··········▒
▒··········▒
▒··········▒ ·
▒··········▒


You could see an orc priest.

Vault maps used:
D:1:      minmay_arrival_split_and_join
D:2:      overflow_temple_1_default, gammafunk_temple_overflow_statue,
          first_bread

Notes
Turn   | Place    | Note
--------------------------------------------------------------
     0 | D:1      | TedronaiSDC, the Vampire Air Elementalist, began the quest for the Orb.
     0 | D:1      | Reached XP level 1. HP: 13/13 MP: 3/3
    97 | D:1      | --lol
   489 | D:1      | Reached skill level 1 in Conjurations
   638 | D:1      | Reached XP level 2. HP: 19/19 MP: 2/4
  1005 | D:2      | Learned a level 2 spell: Swiftness
  1095 | D:2      | Reached XP level 3. HP: 24/24 MP: 3/6
  1166 | D:2      | Found a deep blue altar of Sif Muna.
  1367 | D:2      | Found a snail-covered altar of Cheibriados.
  1367 | D:2      | Found a burning altar of Makhleb.
  1834 | D:2      | Reached XP level 4. HP: 30/30 MP: 7/7
  1940 | D:2      | Learned a level 2 spell: Repel Missiles
  2285 | D:3      | Reached skill level 4 in Air Magic
  2404 | D:3      | --really?
  2448 | D:3      | Killed from afar by an orc priest

Table legend:
 A = Turns spent in this place as a percentage of turns spent in the entire game.
 B = Non-inter-level travel turns spent in this place as a percentage of non-inter-level travel turns spent in the entire game.
 C = Inter-level travel turns spent in this place as a percentage of turns spent in this place.
 D = Turns resting spent in this place as a percentage of non-inter-level travel turns spent in this place.
 E = Turns spent auto-exploring this place as a percentage of non-inter-level travel turns spent in this place.
 F = Non-inter-level travel turns spent in this place divided by the number of levels of this place that you've seen.
                   A       B       C       D       E      F
               +-------+-------+-------+-------+-------+----------------------
         Total | 100.0 | 100.0 |   0.2 |   0.5 |   0.0 | 614.0
       Dungeon | 100.0 | 100.0 |   0.2 |   0.5 |   0.0 | 614.0
               +-------+-------+-------+-------+-------+----------------------

Table legend:
 A = Kills in this place as a percentage of kills in entire the game.
 B = Kills by you in this place as a percentage of kills by you in the entire game.
 C = Kills by friends in this place as a percentage of kills by friends in the entire game.
 D = Other kills in this place as a percentage of other kills in the entire game.
 E = Experience gained in this place as a percentage of experience gained in the entire game.
 F = Experience gained in this place divided by the number of levels of this place that you have seen.
                   A       B       C       D       E      F
               +-------+-------+-------+-------+-------+----------------------
         Total | 100.0 | 100.0 |  -nan |  -nan | 100.0 |  48.3
       Dungeon | 100.0 | 100.0 |  -nan |  -nan | 100.0 |  48.3
               +-------+-------+-------+-------+-------+----------------------

Action                   |  1- 3 |  4- 6 || total
-------------------------+-------+-------++-------
Melee: Unarmed           |    29 |       ||    29
       Dagger            |    35 |     2 ||    37
 Fire: Sling             |    51 |    42 ||    93
Throw: Dart              |    17 |       ||    17
 Cast: Shock             |    47 |    24 ||    71
       Repel Missiles    |       |     1 ||     1
Evoke: Wand              |     1 |       ||     1
  Use: Scroll            |     9 |     6 ||    15
       Potion            |     1 |     3 ||     4

Vanquished Creatures
  3 adders
  A giant mite (D:2)
  A worm (D:2)
  A giant gecko (D:3)
  3 orcs (D:3)
  A giant cockroach (D:1)
  3 goblins
  5 hobgoblins
  11 jackals
  2 ball pythons
  7 bats
  3 giant newts
  8 kobolds
  A quokka (D:3)
  3 rats
53 creatures vanquished.
